 Dungeon Crawl Stone Soup version 0.31-a0-188-g5e087ee2ca (webtiles) character file.

Game seed: 7829576888299789785

452 qw the Skirmisher (level 6, 0/36 HPs)
             Began as a Deep Elf Hunter on June 22, 2023.
             Slain by a yak (13 damage)
             ... on level 4 of the Dungeon.
             The game lasted 00:01:31 (2280 turns).

qw the Skirmisher (Deep Elf Hunter)                 Turns: 2280, Time: 00:01:32

Health: 0/36       AC: 13    Str: 10    XL:     6   Next: 75%
Magic:  8/8        EV: 11    Int: 14    God:
Gold:   117        SH:  0    Dex: 18    Spells: 5/5 levels left

rFire   . . .        Y - +2 shortbow
rCold   . . .        (shield currently unavailable)
rNeg    . . .        n - +0 ring mail
rPois   .            (no helmet)
rElec   .            g - +2 cloak
rCorr   .            d - +0 pair of gloves
SInv    .            (no boots)
Will    .....        o - amulet of the acrobat
Stlth   +            e - +4 ring of protection
HPRegen 0.26/turn    (no ring)
MPRegen 0.11/turn

%: acrobat
@: no status effects
A: no striking features
a: no special abilities


You were on level 4 of the Dungeon.
You visited 1 branch of the dungeon, and saw 4 of its levels.

You collected 158 gold pieces.
You spent 41 gold pieces at shops.


   Skills:
 - Level 2.9 Fighting
 - Level 9.9 Ranged Weapons
 + Level 0.0 Armour
 - Level 2.4 Dodging
 - Level 1.2 Stealth


You had 5 spell levels left.
You didn't know any spells.
Your spell library was empty.

Inventory:

Hand Weapons
 Y - a +2 shortbow (weapon)
Armour
 d - a +0 pair of gloves (worn)
 g - a +2 cloak (worn)
 n - a +0 ring mail (worn)
Jewellery
 e - a +4 ring of protection (left hand)
 h - a ring of ice
 o - an amulet of the acrobat (around neck)
Scrolls
 c - a scroll of identify
Potions
 a - 2 potions of curing
 b - a potion of berserk rage {unknown}
 f - a potion of brilliance {unknown}
 j - a potion of enlightenment
 l - 2 potions of heal wounds

Dungeon Overview and Level Annotations

Branches:
Dungeon (4/15)
 Temple: D:4-7

Altars:
Elyvilon

Shops:
D:4 **


Message History

The arrow hits the yak.
The yak is moderately wounded.
The yak gores you.
You shoot an arrow. The arrow hits the yak!
The yak is severely wounded.
The yak gores you! The yak gores you but does no damage.
You shoot an arrow. The arrow hits the yak!
The yak is almost dead.
The yak barely misses you.
You shoot an arrow. The arrow hits the yak.
The yak is almost dead.
A yak comes into view.
The yak gores you.
You shoot an arrow.
The arrow hits the yak but does no damage.
The yak is almost dead.
The yak gores you.
You shoot an arrow. The arrow hits the yak!
You kill the yak!
A yak comes into view.
You feel your dexterity returning.
Your Fighting skill increases to level 2!
You shoot an arrow. The yak bellows!
The arrow hits the yak.
The yak is lightly wounded.
The yak gores you but does no damage.
You shoot an arrow. The arrow hits the yak!
The yak is heavily wounded.
The yak gores you.
You shoot an arrow. The arrow hits the yak.
The yak is heavily wounded.
The yak gores you but does no damage.
You shoot an arrow. The arrow hits the yak.
The yak is severely wounded.
The yak gores you but does no damage.
You shoot an arrow. The arrow hits the yak!
The yak is almost dead.
The yak gores you!
You die...

..#.. #...
#... #...
#..# #..#
##..########
#...@YYYY...
#...########
#...# #...#
#...# #...#
# #...# #.
#...# #
#....#.##
.####


You could see 4 yaks.

Vanquished Creatures
  2 yaks (D:4)
  Natasha (D:4)
  Terence (D:2)
  3 gnolls (D:2)
  An adder (D:3)
  An ufetubus (D:3)
  6 dart slugs
  3 orcs (D:3)
  2 ball pythons (D:1)
  3 bats
  8 endoplasms
  4 giant cockroaches
  4 goblins
  11 hobgoblins
  10 kobolds
  3 quokkas
  4 frilled lizards
  8 rats
75 creatures vanquished.

Notes
Turn   | Place    | Note
-------+----------+-------------------------------------------
     0 | D:1      | qw the Deep Elf Hunter began the quest for the Orb.
     0 | D:1      | Reached XP level 1. HP: 12/12 MP: 3/3
     0 | D:1      | 0 ||| qw: Version: 0.3-a-9-g12657ce
     0 | D:1      | 0 ||| qw: Game counter: 3013
     0 | D:1      | 0 ||| qw: Always use a shield: true
     0 | D:1      | 0 ||| qw: God list: Okawaru
     0 | D:1      | 0 ||| qw: Allow faded altars: false
     0 | D:1      | 0 ||| qw: Do Orc after D:15 true
     0 | D:1      | 0 ||| qw: Do second Lair branch before Depths: true
     0 | D:1      | 0 ||| qw: Lair rune preference: random
     0 | D:1      | 0 ||| qw: Plans: Normal
     0 | D:1      | 0 ||| PLANNING D:1-11
   163 | D:1      | Reached XP level 2. HP: 16/16 MP: 4/4
   168 | D:1      | Reached skill level 6 in Ranged Weapons
   404 | D:1      | Reached XP level 3. HP: 20/20 MP: 5/5
   667 | D:1      | Reached skill level 7 in Ranged Weapons
   875 | D:1      | 875 ||| UPGRADING to +0 scale mail.
   885 | D:1      | 885 ||| DROPPING +0 leather armour.
   886 | D:1      | 886 ||| UPGRADING to +0 ring mail.
   896 | D:1      | 896 ||| DROPPING +0 scale mail.
   897 | D:1      | 897 ||| UPGRADING to amulet of the acrobat.
   902 | D:1      | 902 ||| UPGRADING to +4 ring of protection.
   903 | D:1      | 903 ||| READING scroll labelled HOXIPONICK.
   904 | D:1      | 904 ||| READING scroll labelled BATHIAXKOA.
   905 | D:1      | 905 ||| READING scroll labelled QEVUMA TAINUYRGH.
   909 | D:1      | 909 ||| READING scroll labelled DUTATAAJIUTZ.
   910 | D:1      | 910 ||| READING scroll labelled FUUB YCIYDIA.
   911 | D:1      | 911 ||| DRINKING 2 inky potions.
   912 | D:1      | 912 ||| DRINKING 2 glowing grey potions.
   913 | D:1      | 913 ||| DROPPING scroll of butterflies.
   914 | D:1      | 914 ||| DROPPING potion of degeneration.
   916 | D:1      | 916 ||| Stepping ~*~*~tactically~*~*~ (cloud).
   921 | D:1      | HP: 5/20 [poisoned by you (poison gas)]
  1057 | D:2      | Noticed Terence
  1065 | D:2      | Killed Terence
  1066 | D:2      | Reached XP level 4. HP: 25/25 MP: 6/6
  1095 | D:2      | You fall into a shaft and drop 2 floors!
  1095 | D:4      | Found Cyonev's Assorted Antiques.
  1098 | D:4      | 1098 ||| PLANNING D:1-11
  1098 | D:4      | 1098 ||| BUYING 2 fizzy purple potions (41 gold).
  1098 | D:4      | Bought 2 fizzy purple potions for 41 gold pieces
  1098 | D:4      | 1098 ||| SHOPLISTING grey potion (20 gold, have 18).
  1098 | D:4      | 1098 ||| SHOPLISTING orcbow (80 gold, have 18).
  1098 | D:4      | 1098 ||| SHOPLISTING runed scale mail (161 gold, have 18).
  1098 | D:4      | 1098 ||| SHOPLISTING scroll of identify (46 gold, have 18).
  1222 | D:4      | Found Yrea's General Store.
  1225 | D:4      | 1225 ||| DRINKING 2 sapphire potions.
  1226 | D:4      | 1226 ||| DRINKING 3 fizzy purple potions.
  1303 | D:3      | 1303 ||| UPGRADING to +0 pair of gloves.
  1308 | D:3      | 1308 ||| READING scroll labelled ENUDGH MEYJAESTIFF.
  1314 | D:2      | Found a white marble altar of Elyvilon.
  1441 | D:2      | Reached skill level 8 in Ranged Weapons
  1446 | D:2      | HP: 3/25 [gnoll/+0 halberd (9)]
  1447 | D:2      | 1447 ||| DRINKING 2 potions of heal wounds.
  1450 | D:2      | 1450 ||| FLEEEEING.
  1666 | D:2      | 1666 ||| FLEEEEING.
  1669 | D:2      | 1669 ||| FLEEEEING.
  1677 | D:2      | Reached XP level 5. HP: 28/29 MP: 7/7
  1998 | D:3      | 1998 ||| READING scroll of enchant weapon.
  1998 | D:3      | 1998 ||| ENCHANTING +1 shortbow.
  2046 | D:3      | 2046 ||| UPGRADING to +2 cloak.
  2234 | D:4      | Noticed Natasha
  2239 | D:4      | Killed Natasha
  2262 | D:4      | Noticed a yak
  2262 | D:4      | Noticed a yak
  2268 | D:4      | Noticed a yak
  2269 | D:4      | Killed a yak
  2270 | D:4      | Reached skill level 9 in Ranged Weapons
  2270 | D:4      | Reached XP level 6. HP: 31/34 MP: 8/8
  2270 | D:4      | Noticed a yak
  2273 | D:4      | Noticed a yak
  2275 | D:4      | Killed a yak
  2275 | D:4      | Noticed a yak
  2280 | D:4      | Slain by a yak

Levels and vault maps discovered:
D:1:      erik_arrival_cave_to_civilisation [erik_arrival_cave_to_hall],
          layout_basic, minmay_small_reverse_x
D:2:      layout_basic, basic_altar, uniq_terence
D:3:      layout_basic
D:4:      layout_basic, serial_shops, shop, nicolae_stop_n_shop_1, shop,
          uniq_natasha, uniq_edmund

Skill      XL: |  1  2  3  4  5  6 |
---------------+-------------------+-----
Ranged Weapons | 6 7 8 9 |  9.9
Fighting       | 2 |  2.9
Dodging        | |  2.4
Stealth        | |  1.2

Action                     |  1- 3 |  4- 6 || total
---------------------------+-------+-------++-------
   Fire: Shortbow          |   102 |   116 ||   218
    Use: Scroll            |     5 |     2 ||     7
         Potion            |     2 |     3 ||     5
 Armour: Leather armour    |     4 |       ||     4
         Ring mail         |     2 |    19 ||    21
  Dodge: Dodged            |    14 |    33 ||    47

Table legend:
 A = Non-vault XP
 B = Vault XP
 C = Vault XP percentage of total XP
 D = Non-vault monster count
 E = Vault monster count
 F = Vault count percentage of total count
                 A         B        C        D         E       F
            +---------+---------+-------+---------+---------+-------
      Total |     569 |      77 |  11.9 |      67 |       8 |  10.7
            +---------+---------+-------+---------+---------+-------
        D:1 |      67 |      12 |  15.2 |      34 |       6 |  15.0
        D:2 |      69 |      32 |  31.7 |      17 |       1 |   5.6
        D:3 |      42 |       0 |   0.0 |      13 |       0 |   0.0
        D:4 |     391 |      33 |   7.8 |       3 |       1 |  25.0
            +---------+---------+-------+---------+---------+-------
